 Dungeon Crawl Stone Soup version 0.29.1-1-gd02db6906a (webtiles) character file.

Game seed: 3499105020543753998

25 mcbry74 the Firebug (level 3, 0/33 HPs)
             Began as an Ogre Fire Elementalist on Oct 10, 2022.
             Slain by a hobgoblin (6 damage)
             ... led by Robin
             ... on level 1 of the Dungeon.
             The game lasted 00:03:23 (1285 turns).

mcbry74 the Firebug (Ogre Fire Elementalist)        Turns: 1285, Time: 00:03:25

Health: 0/33       AC:  3    Str: 12    XL:     3   Next: 4%
Magic:  13/16      EV:  9    Int: 18    God:
Gold:   36         SH:  0    Dex:  9    Spells: 6/7 levels left

rFire   . . .      SeeInvis .   f - +0 whip
rCold   . . .      Faith    .   (no shield)
rNeg    . . .      Spirit   .   a - +0 robe
rPois   .          Reflect  .   (helmet restricted)
rElec   .          Harm     .   (no cloak)
rCorr   .          Rampage  .   (gloves unavailable)
Will    +....                   (boots unavailable)
Stlth   +.........              (no amulet)
HPRegen 0.11/turn               n - ring of willpower
MPRegen 0.15/turn               p - ring of magical power

@: no status effects
A: large, unfitting armour, tough skin 1
a: no special abilities


You were on level 1 of the Dungeon.
You visited 1 branch of the dungeon, and saw 2 of its levels.

You collected 36 gold pieces.

Inventory:

Hand Weapons
 f - a +0 whip (weapon)
Missiles
 e - 23 stones
 l - 2 poisoned darts
Armour
 a - a +0 robe (worn)
Jewellery
 m - a ring of ice
 n - a ring of willpower (left hand)
 p - a ring of magical power (right hand)
Scrolls
 c - a scroll of enchant weapon {unknown}
 d - a scroll of butterflies {unknown}
 i - a scroll of fear
 j - 2 scrolls of teleportation
 k - a scroll of identify {unknown}
 o - a scroll of enchant armour {unknown}
 q - a scroll of amnesia {unknown}
Potions
 b - a potion of magic
 g - 2 potions of attraction {unknown}
 h - a potion of lignification {unknown}


   Skills:
 + Level 1.5 Fighting
 - Level 1.7 Dodging
 - Level 1.4 Stealth
 + Level 2.8 Spellcasting
 + Level 1.3 Conjurations
 + Level 3.0 Fire Magic


You had 6 spell levels left.
You knew the following spells:

 Your Spells              Type           Power      Damage    Failure   Level
a - Foxfire               Conj/Fire      40%        2x1d6     7%          1

Your spell library contained the following spells:

 Spells                   Type           Power      Damage    Failure   Level
 Scorch                   Fire           26%        2d6       8%          2
 Conjure Flame            Conj/Fire      10%        6-21      21%         3
 Inner Flame              Hex/Fire       8%         N/A       26%         3
 Flame Wave               Conj/Fire      10%        2d6       54%         4


Dungeon Overview and Level Annotations

Branches:
Dungeon (2/15)

Altars:

Annotations:
D:1 Robin


Innate Abilities, Weirdness & Mutations

You are too large for most types of armour.
You have tough skin. (AC +1)


Message History

The foxfire hits the hobgoblin.
The hobgoblin is moderately wounded.
The foxfire hits the hobgoblin.
The hobgoblin is severely wounded.
You hit Robin but do no damage.
Robin is severely wounded.
A hobgoblin comes into view.
Robin hits you but does no damage.
The hobgoblin hits you but does no damage.
You hit Robin. You punch Robin, but do no damage.
Robin is almost dead.
The goblin hits you with a +0 club. Robin throws the goblin at you!
The hobgoblin hits you but does no damage.
You barely miss Robin.
Robin is almost dead.
The goblin barely misses you. The hobgoblin barely misses you.
Robin hits you with a +0 club. The hobgoblin barely misses you.
Your magical contamination has completely faded away.
You closely miss Robin.
Robin is almost dead.
The goblin no longer looks unusually strong.
The goblin hits you with a +0 club. The hobgoblin hits you.
Robin roars a battlecry!
The goblins go into a battle-frenzy!
The hobgoblin closely misses you.
The goblin no longer looks unusually strong.
Robin roars a battlecry!
The goblin goes into a battle-frenzy!
The goblin hits you with a +0 club. The hobgoblin closely misses you.
The goblin hits you with a +0 dagger. The hobgoblin hits you.
You climb upwards.
There is a stone staircase leading down here.
The goblin attacks as you move away! The goblin hits you with a +0 dagger.
* * * LOW HITPOINT WARNING * * *
Robin throws the goblin at you!
* * * LOW HITPOINT WARNING * * *
The hobgoblin hits you.
* * * LOW HITPOINT WARNING * * *
The hobgoblin hits you.
You die...

.#####.#+#..................#
.#####+#+###.####....#.##.#######
..........##.# #....#.#.........
...........#.# ##....#.#..#######
#..........#.# #.....#.#.........
'..........#.# #.......#...######
#..........#.###g...####...# #
+..........#...gg>g.+......# #
#..........#.##)@g..#####..# ###
#.........#####.....#####..####..
######..............+........##.#
.....+........##....##.......##>#
######........##....##.......##.#
#........########.......##.#
#.......)#..............##.#
######........#..............##.#
.........)....#..............##..


You could see Robin, 2 hobgoblins and 2 goblins.

Vanquished Creatures
  A gnoll (D:1)
  An endoplasm (D:1)
  A giant cockroach (D:1)
  2 goblins (D:1)
  A hobgoblin (D:1)
  2 quokkas (D:1)
  A ball python (D:1)
  2 frilled lizards (D:1)
  2 kobolds (D:1)
  2 rats
15 creatures vanquished.

Vanquished Creatures (others)
  21 foxfires
21 creatures vanquished.

Grand Total: 36 creatures vanquished

Notes
Turn   | Place    | Note
-------+----------+-------------------------------------------
     0 | D:1      | mcbry74 the Ogre Fire Elementalist began the quest for the
                  | Orb.
     0 | D:1      | Reached XP level 1. HP: 16/16 MP: 3/3
   124 | D:1      | Reached skill level 1 in Conjurations
   140 | D:1      | Found a faded altar of an unknown god.
   287 | D:1      | Reached skill level 1 in Fighting
   287 | D:1      | Reached XP level 2. HP: 23/27 MP: 2/5
   995 | D:1      | Reached skill level 3 in Fire Magic
  1115 | D:1      | Reached XP level 3. HP: 31/33 MP: 7/7
  1263 | D:2      | Noticed Robin
  1285 | D:1      | Slain by a hobgoblin

Illustrated notes

Levels and vault maps discovered:
D:1:      nicolae_arrival_memento_mori, layout_basic,
          shapermc_ecumenical_altar_ellora, hangedman_glass_teeth
D:2:      layout_rooms, uniq_robin

Skill      XL: |  1  2 |
---------------+-------+-----
Conjurations   | 1 |  1.3
Fighting       | 1 |  1.5
Fire Magic     | 3 |  3.0
Dodging        | |  1.7
Stealth        | |  1.4
Spellcasting   | |  2.8

Action                   || total
-------------------------++-------
Melee: Whip              ||    51
       Punch             ||     1
 Cast: Foxfire           ||    12
  Use: Scroll            ||     2
 Stab: Sleeping          ||     1
Armor: Robe              ||    19
Dodge: Dodged            ||    22
